 Dungeon Crawl Stone Soup version 0.30.1-9-gdf580d7c3d (webtiles) character file.

Game seed: 9261503081490001154

70 fireball365 the Trooper (level 4, -3/41 HPs)
             Began as a Hill Orc Fighter on Oct 12, 2023.
             Slain by a gnoll
             ... wielding a +0 spear
              (7 damage)
             ... on level 2 of the Dungeon.
             The game lasted 00:03:11 (943 turns).

fireball365 the Trooper (Hill Orc Fighter)           Turns: 943, Time: 00:03:12

Health: -3/41      AC:  7    Str: 20    XL:     4   Next: 21%
Magic:  4/4        EV: 14    Int:  8    God:
Gold:   113        SH:  4    Dex: 10    Spells: 3/3 levels left

rFire   . . .        a - +0 war axe
rCold   . . .        c - +0 buckler
rNeg    . . .        b - +0 scale mail
rPois   .            (no helmet)
rElec   .            (no cloak)
rCorr   .            (no gloves)
SInv    .            (no boots)
Will    .....        (no amulet) Stlth
                     k - +5 ring of evasion
HPRegen 0.26/turn    (no ring)
MPRegen 0.09/turn

%: no passive effects
@: no status effects
A: no striking features
a: no special abilities


You were on level 2 of the Dungeon.
You visited 1 branch of the dungeon, and saw 2 of its levels.

You collected 113 gold pieces.

Inventory:

Hand Weapons
 a - a +0 war axe (weapon)
Missiles
 e - 6 poisoned darts (quivered)
 l - a throwing net
Armour
 b - a +0 scale mail (worn)
 c - a +0 buckler (worn)
Jewellery
 k - a +5 ring of evasion (left hand)
Scrolls
 f - 2 scrolls of identify
 m - a scroll of magic mapping {unknown}
Potions
 d - a potion of might


   Skills:
 + Level 4.5 Fighting
 + Level 3.7 Axes
 + Level 3.9 Armour
 + Level 0.2 Dodging
 + Level 3.5 Shields


You had 3 spell levels left.
You didn't know any spells.
Your spell library was empty.

Dungeon Overview and Level Annotations

Branches:
Dungeon (2/15)

Altars:

Shops:
D:2 [[


Message History

* * * LOW HITPOINT WARNING * * *
The gnoll misses you.
As you read the scroll labelled MUQ LOESIYCKE, it crumbles to dust.
You feel strangely unstable.
It was a scroll of teleportation.
The gnoll barely misses you.
As you read the scroll labelled DODEYD YXTATH, it crumbles to dust.
You hear a loud clanging noise!
It was a scroll of noise.
You hear a shout! x3
The gnoll closely misses you. The gnoll misses you.
Things that are here:
a +0 whip; a gnoll corpse Your surroundings suddenly seem different.
A giant cockroach comes into view.
The giant cockroach misses you. The giant cockroach misses you.
You barely miss the giant cockroach.
The giant cockroach completely misses you.
The giant cockroach bites you.
* * * LOW HITPOINT WARNING * * *
You slash the giant cockroach!
You kill the giant cockroach!
The gnoll barely misses you. The gnoll hits you but does no damage.
You barely miss the gnoll.
The gnoll is lightly wounded.
The gnoll hits you with a +0 spear.
* * * LOW HITPOINT WARNING * * *
You block the gnoll's attack.
You barely miss the gnoll.
The gnoll is lightly wounded.
The gnoll hits you but does no damage.
You slash the gnoll!
The gnoll is severely wounded.
The gnoll closely misses you.
You hit the gnoll but do no damage.
The gnoll is severely wounded.
The gnoll closely misses you. The gnoll hits you with a +0 spear!
You die...

#......##..
##......g).. #####
##.......####
#...#######........#
#.?................#
#.?...?............#
#.∩........#########
#..........#
#.....@g..[#
#..........#
#.....######
#.......# ##......#
##.....# #.....#
......#


You could see a gnoll.

Vanquished Creatures
  4 gnolls
  A dart slug (D:1)
  3 endoplasms (D:1)
  2 giant cockroaches
  2 goblins (D:1)
  5 hobgoblins (D:1)
  4 kobolds (D:1)
  2 ball pythons (D:1)
  2 bats (D:1)
  5 rats
30 creatures vanquished.

Notes
Turn   | Place    | Note
-------+----------+-------------------------------------------
     0 | D:1      | fireball365 the Hill Orc Fighter began the quest for the
                  | Orb.
     0 | D:1      | Reached XP level 1. HP: 19/19 MP: 1/1
   243 | D:1      | Reached XP level 2. HP: 26/27 MP: 2/2
   245 | D:1      | Reached skill level 4 in Fighting
   326 | D:1      | Reached XP level 3. HP: 22/34 MP: 3/3
   786 | D:2      | Found Luulick's Antique Armour Emporium.
   831 | D:2      | Found Agyworgh's Armour Shoppe.
   866 | D:2      | Reached XP level 4. HP: 23/41 MP: 4/4
   917 | D:2      | HP: 1/41 [gnoll/+0 spear (4)]
   943 | D:2      | Slain by a gnoll

Illustrated notes

Levels and vault maps discovered:
D:1:      wander_arrival_lonely_grave, layout_rooms
D:2:      layout_basic, shapermc_ecumenical_altar_petra, serial_shops,
          nicolae_shop_pleasant_corner_grove, shop, shop, shop,
          nicolae_shop_window_shopping

Skill      XL: |  1  2  3 |
---------------+----------+-----
Fighting       | 4 |  4.5
Axes           | 3 |  3.7
Armour         | |  3.9
Dodging        | |  0.2
Shields        | |  3.5

Action                     |  1- 3 |  4- 6 || total
---------------------------+-------+-------++-------
  Melee: War axe           |    73 |    21 ||    94
    Use: Scroll            |       |     4 ||     4
         Potion            |       |     1 ||     1
 Armour: Scale mail        |    34 |     4 ||    38
         Skin              |       |     2 ||     2
  Dodge: Dodged            |    72 |    22 ||    94
  Block: Buckler           |    22 |     9 ||    31
